 Dungeon Crawl Stone Soup version 0.19-a0-994-g3c636f0 (webtiles) character file.

11 4thArraOfDagon the Vexing (level 2, 0/25 HPs)
             Began as a Naga Arcane Marksman on July 16, 2016.
             Slain by a hobgoblin
             ... wielding a +0 club
             ... led by Robin
              (2 damage)
             ... on level 3 of the Dungeon.
             The game lasted 00:01:41 (131 turns).

4thArraOfDagon the Vexing (Naga Arcane Marksman)     Turns: 131, Time: 00:01:41

Health: 0/25       AC:  1    Str: 13    XL:     2   Next: 25%
Magic:  3/3        EV: 10    Int: 13    God:
Gold:   0          SH:  0    Dex: 10    Spells: 1 memorised, 2 levels left

rFire  . . .     SeeInvis +     a - +0 shortbow
rCold  . . .     Gourm    .     e - +0 robe
rNeg   . . .     Faith    .     (shield currently unavailable)
rPois  +         Spirit   .     (no helmet)
rElec  .         Dismiss  .     (no cloak)
rCorr  .         Reflect  .     (no gloves)
SustAt .         Harm     .     (no barding)
MR     .....                    (no amulet)
Stlth  +.........               (no ring)
                                (no ring)

@: short of breath, very slow, not resistant to hostile enchantments, very
unstealthy
A: see invisible, deformed body, poison resistance, slowness 2, slow metabolism
1, spit poison 2, AC +0
a: Spit Poison


You were on level 3 of the Dungeon.
You were not hungry.

You visited 1 branch of the dungeon, and saw 4 of its levels.

Inventory:

Hand Weapons
 a - a +0 shortbow (weapon)
Armour
 e - a +0 robe (worn)
Wands
 h - a wand of enslavement (0/24)
Scrolls
 b - a scroll of teleportation {unknown}
Potions
 g - 2 potions of ambrosia
Books
 c - a book of Debilitation

   Spells                             Type                      Level
   a - Corona                         Hexes                        1
   b - Slow                           Hexes                        2
   c - Gell's Gravitas                Hexes/Translocation          3
   d - Inner Flame                    Hexes/Fire                   3
   e - Cause Fear                     Hexes                        4
   f - Leda's Liquefaction            Hexes/Earth                  4
Comestibles
 f - a bread ration


   Skills:
 - Level 1.0 Fighting
 * Level 2.5 Bows
 - Level 1.5 Dodging
 - Level 1.0 Spellcasting
 - Level 3.0 Hexes


You had 2 spell levels left.
You knew the following spells:

 Your Spells              Type           Power        Failure   Level  Hunger
a - Corona                Hex            #......      10%         1    ##.....


Dungeon Overview and Level Annotations

Branches:
Dungeon (4/15)
 Temple: D:4-7

Altars:


Innate Abilities, Weirdness & Mutations

You cannot wear boots.
Your serpentine skin is tough. (AC +0)
You have supernaturally acute eyesight. (SInv)
Armour fits poorly on your strangely shaped body.
Your system is resistant to poisons. (rPois)
You cover ground very slowly.
You have a slow metabolism.
You can spit poison.


Message History

The hobgoblin hits you with a club.
* * * LOW HITPOINT WARNING * * *
Unknown command.
Unknown command.
Evoke which item? (* to show all) (? for menu, Esc to quit)
Zapping:
h - a wand of enslavement {zapped: 3} (will waste charges)
Press: ? - help, Shift-Dir - straight line, f/p - hobgoblin
Aim: a hobgoblin, wielding a club (almost dead, chance to defeat MR: 81%)
The hobgoblin resists with significant effort.
Evoking this partially-identified wand wasted a few charges.
You have got your breath back.
The hobgoblin hits you but does no damage.
Unknown command.
Evoke which item? (* to show all) (? for menu, Esc to quit)
Okay, then.
Press: ? - help, Shift-Dir - straight line, f/p - hobgoblin
Aim: a hobgoblin, wielding a club (almost dead)
The splash of poison misses the hobgoblin.
You feel slightly more hungry. The hobgoblin hits you with a club.
You die...

########...
#..@..l....
#.>g.###.(.
##....###
#.......#
#..(.......
#.......###
##.)..###
#.(..#
#.#.##


You could see a hobgoblin and a giant newt.

Vanquished Creatures
  2 goblins (D:3)
  2 hobgoblins
  2 jackals (D:2)
  2 quokkas
  A rat (D:3)
9 creatures vanquished.

Notes
Turn   | Place    | Note
-------+----------+-------------------------------------------
     0 | D:1      | 4thArraOfDagon the Naga Arcane Marksman began the quest for the Orb.
     0 | D:1      | Reached XP level 1. HP: 18/18 MP: 2/2
    28 | D:2      | jacquesderrida: Snekmang need to succeed
    61 | D:3      | Noticed an iguana
   105 | D:4      | jacquesderrida: iguaner...
   106 | D:4      | jacquesderrida: wew...
   111 | D:3      | Reached XP level 2. HP: 2/25 MP: 3/3
   131 | D:3      | Slain by a hobgoblin

Vault maps used:
D:1:      lemuel_arrival_river_ford, corexii_item_surrounded_by_moat,
          serial_park_tiny_1, minmay_misc_feat_more_columns
D:2:      nicolae_gozag_zags_fifth_avenue, fiery_altar_vehumet,
          nicolae_overflow_crystal_walls, first_bread, evilmike_ruin_ashenzari
D:3:      uniq_robin
D:4:      grunt_ministairs_10

Skill      XL: |  1 |
---------------+----+-----
Bows           | 2 |  2.5
Fighting       | |  1.0
Dodging        | |  1.5
Spellcasting   | |  1.0
Hexes          | |  3.0

Action                   || total
-------------------------++-------
 Fire: Shortbow          ||    21
 Abil: Spit Poison       ||     9
Evoke: Wand              ||     2
  Use: Potion            ||     1
Armor: Robe              ||     3
Dodge: Dodged            ||    16
